 Dungeon Sprint DCSS version 0.28-a0-1638-g9123634e07 (webtiles) character file.

Game seed: 15227706352509114829

4628 mhtbhm the Severer (level 10, -4/150 HPs)
             Began as a Pale Draconian Berserker on Jan 26, 2022.
             Was the Champion of Trog.
             Slain by a sun demon (16 damage)
             ... summoned by an orc sorcerer
             ... led by an orc knight
             ... in the Dungeon (Sprint VII: "The Pits").
             The game lasted 00:02:56 (1582 turns).

mhtbhm the Severer (Pale Draconian Berserker)       Turns: 1582, Time: 00:02:56

Health: -4/150     AC:  9    Str: 30    XL:     10   Next: 19%
Magic:  3/3        EV: 16    Int:  7    God:    Trog [******]
Gold:   0          SH:  0    Dex: 11    Spells: 9/9 levels left

rFire   . . .      SeeInvis .   a - +3 battleaxe (antimagic)
rCold   . . .      Faith    .   (shield currently unavailable)
rNeg    . . .      Spirit   .   (armour unavailable)
rPois   .          Reflect  .   (helmet restricted)
rElec   .          Harm     .   o - +0 cloak
rCorr   .          Rampage  .   (no gloves)
Will    .....      NoTele   +   p - +0 pair of boots
Stlth   ..........              (no amulet)
HPRegen 0.35/turn               j - +3 ring of strength
MPRegen 0.08/turn               k - +3 ring of strength

@: berserking (expiring), very quick
A: breathe steam, AC +7, unfitting armour, cold-blooded, steam resistance
a: Breathe Steam, Renounce Religion, Berserk, Trog's Hand, Brothers in Arms


You were in the Dungeon.
You worshipped Trog.
Trog was exalted by your worship.
You visited 1 branch

Inventory:

Hand Weapons
 a - a +3 antimagic battleaxe (weapon)
 q - a +7 executioner's axe
Armour
 o - a +0 cloak (worn)
 p - a +0 pair of boots (worn)
Jewellery
 j - a +3 ring of strength (left hand)
 k - a +3 ring of strength (right hand)
Scrolls
 g - a scroll of blinking
 i - a scroll of summoning
Potions
 b - 6 potions of curing
 c - 12 potions of heal wounds
 d - 3 potions of haste
 e - 4 potions of magic
 f - 3 potions of berserk rage
 h - 2 potions of invisibility
 l - a potion of might
 m - a potion of resistance
 n - a potion of mutation


   Skills:
 + Level 12.6 Fighting
 + Level 18.1 Axes
 + Level 10.5 Dodging
 + Level 4.0 Stealth


You had 9 spell levels left.
You didn't know any spells.
Your spell library was empty.

Dungeon Overview and Level Annotations

Branches:
Dungeon (1/1)

Altars:
Ashenzari
Cheibriados
Dithmenos
Elyvilon
Fedhas
Gozag
Hepliaklqana
Kikubaaqudgha
Makhleb
Nemelex Xobeh
Okawaru
Qazlal
Ru
Sif Muna
Trog
Uskayaw
Vehumet
Wu Jian
Xom
Yredelemnul
Zin
The Shining One
Beogh
Jiyva
Lugonu


Innate Abilities, Weirdness & Mutations

You can breathe blasts of scalding, opaque steam.
Your pale cyan-grey scales are hard. (AC +7)
You cannot fit into any form of body armour.
You are cold-blooded and may be slowed by cold attacks.
You are immune to the effects of steam.


Message History

You slash the troll! The troll closely misses you. The troll claws you.
The troll closely misses you.
You chop the cyclops into pieces!!!
You kill the cyclops!
Trog accepts your kill.
You barely miss the troll.
Unknown command.
You slice the troll!!
You kill the troll!
Trog accepts your kill.
The troll leather armour is intact enough to wear.
An orc comes into view. It is wielding a +0 club.
Your Axes skill increases to level 18!
Your Stealth skill increases to level 4!
You slice the orc!!
You kill the orc!
Trog accepts your kill.
An orc knight comes into view. It is wielding a +0 great mace.
The sun demon shouts!
The orc knight shouts!
The sun demon closely misses you.
The orc sorcerer hits you with a +0 dagger.
Items here: ) [[ †.
You barely miss the orc sorcerer. You tail-slap the orc sorcerer.
The orc sorcerer is moderately wounded.
You barely miss the sun demon. The sun demon hits you!!
* * * LOW HITPOINT WARNING * * *
You are engulfed in flames!
* * * LOW HITPOINT WARNING * * *
The orc sorcerer hits you with a +0 dagger.
* * * LOW HITPOINT WARNING * * *
You slash the orc sorcerer!
The orc sorcerer's magic leaks into the air.
The orc sorcerer is severely wounded.
You hit the sun demon but do no damage. You closely miss the orc sorcerer.
You tail-slap the orc sorcerer.
The orc sorcerer is almost dead.
You closely miss the sun demon.
The orc sorcerer's magic is no longer disrupted.
The sun demon hits you!
You die...

................#
......#..#......#
................+
................+
......#..#......#
................#
###'#####''######
.......##''# ########
.......##..# #o@.(..#
.......##..#
#o3#)#.....
...<...##..##..##.##
...
.......##÷.##.##...##
.
.......##).####.....#
.......##...##.)....#
#########...))))....+
+
#########...##)..)..#
.#
..#....##..####.....#
.##


You could see an orc knight, a sun demon (summoned) and an orc sorcerer.

Vanquished Creatures
  A great orb of eyes (D)
  A bog body (D)
  An orc knight (D)
  A cyclops (D)
  3 trolls (D)
  3 yaks (D)
  A ynoxinul (D)
  A fire elemental (D)
  A basilisk (D)
  A floating eye (D)
  Duvessa (D)
  3 orc warriors (D)
  An ice beast (D)
  2 centaurs (D)
  A wolf (D)
  A small abomination (D)
  A scorpion (D)
  2 hounds (D)
  An orc priest (D)
  A gnoll shaman (D)
  An iron imp (D)
  An iguana (D)
  2 orc wizards (D)
  2 mummies (D)
  3 gnolls (D)
  An ufetubus (D)
  An adder skeleton (D)
  5 orcs (D)
  A bat (D)
  A goblin (D)
  A hobgoblin (D)
  2 kobolds (D)
  A quokka (D)
  A ball python (D)
  A frilled lizard (D)
  2 rats (D)
54 creatures vanquished.

Notes
Turn   | Place    | Note
-------+----------+-------------------------------------------
     0 | D        | mhtbhm the Draconian Berserker began the quest for the Orb.
     0 | D        | Reached XP level 1. HP: 19/19 MP: 1/1
    70 | D        | Found a bloodstained altar of Trog.
    70 | D        | Found a shimmering blue altar of Sif Muna.
    70 | D        | Found a viscous altar of Jiyva.
    70 | D        | Found a hazy altar of Hepliaklqana.
    70 | D        | Found an opulent altar of Gozag.
    71 | D        | Found a glowing golden altar of the Shining One.
    71 | D        | Found a glowing silver altar of Zin.
    71 | D        | Found a basalt altar of Yredelemnul.
    71 | D        | Found a shimmering altar of Xom.
    71 | D        | Found an ornate altar of the Wu Jian Council.
    71 | D        | Found a sacrificial altar of Ru.
    71 | D        | Found a stormy altar of Qazlal.
    71 | D        | Found an iron altar of Okawaru.
    71 | D        | Found a sparkling altar of Nemelex Xobeh.
    71 | D        | Found a burning altar of Makhleb.
    71 | D        | Found a blossoming altar of Fedhas.
    71 | D        | Found a white marble altar of Elyvilon.
    71 | D        | Found a shadowy altar of Dithmenos.
    71 | D        | Found a snail-covered altar of Cheibriados.
    73 | D        | Found a radiant altar of Vehumet.
    73 | D        | Found a corrupted altar of Lugonu.
   217 | D        | Reached ** piety under Trog
   218 | D        | Reached XP level 2. HP: 22/27 MP: 2/2
   273 | D        | Noticed a scorpion
   277 | D        | Killed a scorpion
   278 | D        | Reached skill level 5 in Fighting
   278 | D        | Reached skill level 5 in Axes
   278 | D        | Reached XP level 3. HP: 37/37 MP: 3/3
   281 | D        | Reached XP level 4. HP: 44/44 MP: 4/4
   394 | D        | Reached *** piety under Trog
   465 | D        | Reached skill level 6 in Axes
   465 | D        | Reached skill level 5 in Dodging
   466 | D        | Reached **** piety under Trog
   470 | D        | Reached skill level 7 in Axes
   470 | D        | Reached XP level 5. HP: 51/51 MP: 5/5
   475 | D        | Reached ***** piety under Trog
   476 | D        | Reached skill level 8 in Axes
   485 | D        | Received a gift from Trog
   567 | D        | Noticed Duvessa
   576 | D        | Killed Duvessa
   577 | D        | Reached skill level 9 in Axes
   577 | D        | Reached XP level 6. HP: 49/62 MP: 6/6
   640 | D        | Noticed a ynoxinul
   648 | D        | Killed a ynoxinul
   649 | D        | Reached skill level 10 in Axes
   653 | D        | Noticed an ice beast
   659 | D        | Killed an ice beast
   660 | D        | Reached skill level 11 in Axes
   660 | D        | Your scales start taking on a pale cyan-grey colour.
   660 | D        | Reached XP level 7. HP: 70/70 MP: 7/7
   660 | D        | Gained mutation: You are immune to the effects of steam.
                  | [Pale Draconian growth]
   710 | D        | Noticed a fire elemental
   724 | D        | Killed a fire elemental
   725 | D        | Reached skill level 12 in Axes
   924 | D        | Received a gift from Trog
   924 | D        | Paralysed by a floating eye for 4 turns
   929 | D        | Reached skill level 10 in Fighting
   929 | D        | Reached skill level 1 in Stealth
  1032 | D        | Found a hide-covered altar of Uskayaw.
  1032 | D        | Found an ancient bone altar of Kikubaaqudgha.
  1032 | D        | Found a broken altar of Ashenzari.
  1066 | D        | Noticed a yak
  1067 | D        | Noticed a yak
  1068 | D        | Noticed a yak
  1075 | D        | Killed a yak
  1075 | D        | Killed a yak
  1075 | D        | Killed a yak
  1076 | D        | Reached skill level 13 in Axes
  1076 | D        | Reached XP level 8. HP: 81/81 MP: 8/8
  1125 | D        | Noticed a troll
  1125 | D        | Noticed a bog body
  1125 | D        | Noticed an orc knight
  1130 | D        | Killed a troll
  1130 | D        | Received a gift from Trog
  1130 | D        | Reached ****** piety under Trog
  1131 | D        | Reached skill level 14 in Axes
  1136 | D        | Killed a bog body
  1137 | D        | Reached skill level 15 in Axes
  1137 | D        | Reached XP level 9. HP: 79/89 MP: 9/9
  1138 | D        | Received a gift from Trog
  1144 | D        | HP: 6/133 [orc warrior[an orc knight] (20)]
  1146 | D        | Killed an orc knight
  1147 | D        | Reached skill level 16 in Axes
  1497 | D        | Noticed a great orb of eyes
  1497 | D        | Noticed a troll
  1501 | D        | Killed a troll
  1503 | D        | Received a gift from Trog
  1505 | D        | Killed a great orb of eyes
  1506 | D        | Reached skill level 17 in Axes
  1506 | D        | Reached skill level 10 in Dodging
  1556 | D        | Noticed a cyclops
  1561 | D        | Noticed a troll
  1571 | D        | Reached XP level 10. HP: 81/97 MP: 3/10
  1572 | D        | Noticed an orc sorcerer
  1576 | D        | Killed a cyclops
  1578 | D        | Reached skill level 18 in Axes
  1579 | D        | Noticed a sun demon
  1579 | D        | Noticed an orc knight
  1582 | D        | Slain by a sun demon

Illustrated notes

Levels and vault maps discovered:
D:        pitsprint [storerooms_1, entrance_room_1, metal_vault_3, armoury_1,
          mini_pit_1, grid_room_1, main_hall_1, silver_pit, the_coven_1,
          the_vestibule_1, steel_vault_1, golden_pit, hallway_of_sentries,
          crystal_vault_5, iron_vault_3, final_vault]

Skill      XL: |  1  2  3  4  5  6  7  8  9 10 |
---------------+-------------------------------+-----
Dodging        | 3 4 5 6 7 8 9 10 | 10.5
Fighting       | 4 5 6 8 9 10 11 12 | 12.6
Axes           | 5 7 9 11 13 15 17 18 | 18.1
Stealth        | 1 2 3 4 |  4.0

Action                   |  1- 3 |  4- 6 |  7- 9 | 10-12 || total
-------------------------+-------+-------+-------+-------++-------
Melee: Hand axe          |    21 |    54 |    13 |       ||    88
       Tailslap          |     1 |     6 |     9 |     3 ||    19
       Punch             |     1 |       |       |       ||     1
       Battleaxe         |       |       |    34 |    10 ||    44
Invok: Berserk           |     1 |     2 |     5 |       ||     8
 Abil: Breathe Steam     |       |       |     4 |       ||     4
Armor: Skin              |     3 |     6 |    18 |     1 ||    28
Dodge: Dodged            |     8 |    27 |    33 |     9 ||    77

Table legend: (Time is in decaauts)
 A = Elapsed time spent in this place.
 B = Non-inter-level travel time spent in this place.
 C = Inter-level travel time spent in this place.
 D = Time resting spent in this place.
 E = Time spent auto-exploring this place.
 F = Levels seen in this place.
 G = Mean time per level.
                   A        B        C        D        E       F      G
               +--------+--------+--------+--------+--------+-----+--------+
         Total |   1627 |   1627 |      0 |   1115 |     40 |   1 | 1627.0 |
       Dungeon |   1627 |   1627 |      0 |   1115 |     40 |   1 | 1627.0 |
               +--------+--------+--------+--------+--------+-----+--------+

Top non-repeatable levels by time:
       D: 1627 daAuts
